 Dungeon Crawl Stone Soup version 0.31-a0-214-gb37851dbb3 (webtiles) character file.

Game seed: 12039711847959464874

147 qw the Shooter (level 5, -3/42 HPs)
             Began as a Minotaur Hexslinger on July 1, 2023.
             Slain by an iron imp (6 damage)
             ... on level 3 of the Dungeon.
             The game lasted 00:00:46 (1813 turns).

qw the Shooter (Minotaur Hexslinger)                Turns: 1813, Time: 00:00:47

Health: -3/42      AC:  5    Str: 13    XL:     5   Next: 8%
Magic:  5/5        EV: 12    Int: 10    God:
Gold:   70         SH:  0    Dex: 14    Spells: 5/6 levels left

rFire   . . .        Y - +1 sling
rCold   . . .        (no shield)
rNeg    . . .        c - +0 robe
rPois   .            (helmet restricted)
rElec   .            (no cloak)
rCorr   .            e - +2 pair of gloves
SInv    +            (no boots)
Will    .....        (no amulet)
Stlth   +            f - ring of see invisible
HPRegen 0.27/turn    (no ring)
MPRegen 0.09/turn

%: no passive effects
@: no status effects
A: horns 2, retaliatory headbutt
a: no special abilities


You were on level 3 of the Dungeon.
You visited 1 branch of the dungeon, and saw 3 of its levels.

You collected 70 gold pieces.


Innate Abilities, Weirdness & Mutations

You have a pair of horns on your head.
You reflexively headbutt those who attack you in melee.


   Skills:
 + Level 2.7 Fighting
 - Level 5.3 Ranged Weapons
 - Level 2.1 Dodging
 - Level 1.0 Spellcasting
 - Level 2.0 Hexes


You had 5 spell levels left.
You knew the following spells:

 Your Spells              Type           Power      Damage    Failure   Level
a - Slow                  Hex            16%        N/A       16%         1

Your spell library contained the following spells:

 Spells                   Type           Power      Damage    Failure   Level
 Inner Flame              Hex/Fire       2%         N/A       56%         3
 Portal Projectile        Hex/Tloc       4%         N/A       56%         3
 Cause Fear               Hex            2%         N/A       83%         4

Inventory:

Hand Weapons
 Y - a +1 sling (weapon)
Armour
 b - a +0 leather armour
 c - a +0 robe (worn)
 e - a +2 pair of gloves (worn)
Jewellery
 f - a ring of see invisible (left hand)
Scrolls
 a - 2 scrolls of identify {unknown}
Potions
 g - a potion of degeneration {unknown}

Dungeon Overview and Level Annotations

Branches:
Dungeon (3/15)

Altars:
Makhleb
Ru


Message History

The sling bullet hits the iron imp but does no damage.
The iron imp is almost dead.
The iron imp completely misses you. The iron imp hits you.
The iron imp barely misses you.
You shoot a sling bullet.
The sling bullet closely misses the iron imp.
The iron imp barely misses you. x2
The iron imp hits you but does no damage.
You shoot a sling bullet. The sling bullet hits the iron imp.
The iron imp is almost dead.
The iron imp hits you! The iron imp closely misses you.
You furiously retaliate!
You headbutt the iron imp, but do no damage.
You shoot a sling bullet.
The sling bullet hits the iron imp but does no damage.
The iron imp is almost dead.
The iron imp hits you. The iron imp barely misses you. The iron imp misses you.
You shoot a sling bullet.
The sling bullet hits the iron imp but does no damage.
The iron imp is almost dead.
The iron imp barely misses you. x2
You shoot a sling bullet. The sling bullet hits the iron imp.
You kill the iron imp!
The iron imp hits you! The iron imp closely misses you.
Your Ranged Weapons skill increases to level 5!
You shoot a sling bullet. The sling bullet hits the iron imp.
The iron imp is severely wounded.
The iron imp closely misses you. You furiously retaliate!
You headbutt the iron imp!
You kill the iron imp!
The iron imp misses you. You furiously retaliate!
You headbutt the iron imp!
You have reached level 5!
You shoot a sling bullet.
The sling bullet closely misses the iron imp.
You shoot a sling bullet.
The sling bullet closely misses the iron imp.
The iron imp hits you.
You shoot a sling bullet. The sling bullet hits the iron imp.
The iron imp is almost dead.
The iron imp hits you.
You die...

##.##....#.....¤¤¤¤¤...#
#.#.####
#.##....#......¤~.....#
#.#.##..
#.##....#.....~8..._..#
#.#.#..#
#...........¤~.....#
#.#.#.##
#...###.....~~.....#
#.#...## #...#
#......~~....# #.#..###
#######.......¤~~~.# #.#..#
# ........5..¤¤~~.# #.#..# #
.........@.¤¤...# #.#..# #
...?.###############.#..###
### ..##. #....##.#..... ...
#. ## ##.##......#### .....
.### ##...##......... .....#
... #####.....##).######
.....# #.##..#.......#..#
.....######..#......_......#
.....#..........#.......#..#


You could see an iron imp.

Vanquished Creatures
  2 iron imps (D:3)
  4 adders
  A worm (D:2)
  An orc (D:3)
  4 ball pythons
  2 bats
  4 endoplasms
  2 giant cockroaches
  6 goblins
  7 hobgoblins
  2 quokkas (D:2)
  2 frilled lizards
  8 kobolds
  10 rats
55 creatures vanquished.

Notes
Turn   | Place    | Note
-------+----------+-------------------------------------------
     0 | D:1      | qw the Minotaur Hexslinger began the quest for the Orb.
     0 | D:1      | Reached XP level 1. HP: 16/16 MP: 1/1
     0 | D:1      | 0 ||| qw: Version: 0.3-a-32-g5962c71
     0 | D:1      | 0 ||| qw: Game counter: 7460
     0 | D:1      | 0 ||| qw: Melee chars always use a shield: true
     0 | D:1      | 0 ||| qw: God list: Okawaru
     0 | D:1      | 0 ||| qw: Allow faded altars: false
     0 | D:1      | 0 ||| qw: Do Orc after clearing Dungeon:15 true
     0 | D:1      | 0 ||| qw: Do second Lair branch before Depths: true
     0 | D:1      | 0 ||| qw: Lair rune preference: random
     0 | D:1      | 0 ||| qw: Goals: Normal
     0 | D:1      | 0 ||| PLANNING D:1-11
   195 | D:1      | Reached skill level 3 in Ranged Weapons
   195 | D:1      | Reached XP level 2. HP: 23/23 MP: 2/2
   519 | D:1      | 519 ||| UPGRADING to ring of see invisible.
   520 | D:1      | 520 ||| READING scroll labelled ZOGAXOMEYP.
   521 | D:1      | 521 ||| READING scroll labelled PUEGOH ILETU.
   522 | D:1      | 522 ||| READING scroll labelled LUACUI ZAECLEA.
   523 | D:1      | 523 ||| DROPPING scroll of poison.
   682 | D:2      | HP: 6/24 [worm (8)]
   690 | D:2      | Reached XP level 3. HP: 6/29 MP: 3/3
   994 | D:2      | Reached skill level 4 in Ranged Weapons
  1170 | D:2      | 1170 ||| UPGRADING to +1 pair of gloves.
  1175 | D:2      | 1175 ||| READING scroll of enchant armour.
  1175 | D:2      | 1175 ||| ENCHANTING +1 pair of gloves.
  1176 | D:2      | 1176 ||| READING 2 scrolls labelled IVEFRUSUEG.
  1177 | D:2      | 1177 ||| READING scroll labelled RIECVEI BAOMM.
  1181 | D:2      | 1181 ||| DROPPING scroll of vulnerability.
  1203 | D:3      | Reached XP level 4. HP: 35/36 MP: 4/4
  1504 | D:3      | Found a sacrificial altar of Ru.
  1713 | D:3      | Noticed a shining eye
  1715 | D:3      | Found a faded altar of an unknown god.
  1718 | D:3      | Noticed a shining eye
  1723 | D:3      | Noticed a floating eye
  1733 | D:3      | Noticed a great orb of eyes
  1784 | D:3      | Found a burning altar of Makhleb.
  1809 | D:3      | HP: 3/36 [iron imp (8)]
  1810 | D:3      | Reached skill level 5 in Ranged Weapons
  1811 | D:3      | Reached XP level 5. HP: 4/42 MP: 5/5
  1813 | D:3      | Slain by an iron imp

Levels and vault maps discovered:
D:1:      minmay_arrival_glassed_features, layout_basic
D:2:      layout_rooms, minmay_between
D:3:      layout_basic, demons_altar, lemuel_round_altar,
          lightli_temple_of_fire, hellmonk_ecumenical_altar_watching_god,
          uniq_robin

Skill      XL: |  1  2  3  4 |
---------------+-------------+-----
Ranged Weapons | 3 4 5 |  5.3
Fighting       | 2 |  2.7
Dodging        | |  2.1
Spellcasting   | |  1.0
Hexes          | |  2.0

Action                     |  1- 3 |  4- 6 || total
---------------------------+-------+-------++-------
   Fire: Sling             |   115 |    77 ||   192
    Use: Scroll            |     6 |       ||     6
 Armour: Robe              |     4 |     4 ||     8
  Dodge: Dodged            |    16 |    24 ||    40

Table legend:
 A = Non-vault XP
 B = Vault XP
 C = Vault XP percentage of total XP
 D = Non-vault monster count
 E = Vault monster count
 F = Vault count percentage of total count
                 A         B        C        D         E       F
            +---------+---------+-------+---------+---------+-------
      Total |     120 |      91 |  43.1 |      52 |       3 |   5.5
            +---------+---------+-------+---------+---------+-------
        D:1 |      23 |       0 |   0.0 |      15 |       0 |   0.0
        D:2 |      47 |      13 |  21.7 |      20 |       1 |   4.8
        D:3 |      50 |      78 |  60.9 |      17 |       2 |  10.5
            +---------+---------+-------+---------+---------+-------
